Kradschützen Motorcycle Team
Selects Panzerjäger Kommand Battlegroup
Construct Light Support Kompanie
Construct Mechanized Kompanie
Panzerjäger Mechanized Group
Construct Panzerarmee Kommand
Panzerjäger Mechanized Group
Walking Stuka Rocket Launcher
Selects Crew Shock Tactics
Selects Elefant Tank Destroyer
18-tonne Recovery Half-track
Selects Defensive Positions
18-tonne Recovery Half-track
18-tonne Recovery Half-track